 Dungeon Crawl Stone Soup version 0.28-a0-312-gbced6e68ee (webtiles) character file.

Game seed: 17565578128289120844

604 CraigForest the Shooter (level 7, 0/43 HPs)
             Began as a Gargoyle Hunter on Aug 30, 2021.
             Was an Initiate of Ru.
             Slain by an orc (3 damage)
             ... on level 5 of the Dungeon.
             The game lasted 00:39:08 (5269 turns).

CraigForest the Shooter (Gargoyle Hunter)           Turns: 5269, Time: 00:39:11

Health: 0/43       AC:  8    Str: 15    XL:     7   Next: 42%
Magic:  9/9        EV: 11    Int: 20    God:    Ru [......]
Gold:   80         SH:  0    Dex: 10    Spells: 9/9 levels left

rFire   + . .      SeeInvis .   b - +2 broad axe (drain)
rCold   x . .      Faith    .   (no shield)
rNeg    + . .      Spirit   .   c - +0 leather armour
rPois   ∞          Reflect  .   (no helmet)
rElec   +          Harm     .   (no cloak)
rCorr   .          Rampage  .   (no gloves)
Will    .....                   (no boots)
Stlth   +.........              (no amulet)
HPRegen 0.14/turn               f - +6 ring of intelligence
MPRegen 0.11/turn               F - ring of fire

@: no status effects
A: sickness immunity, AC +4, negative energy resistance 1, electricity
resistance, torment resistance 1, petrification resistance
a: Renounce Religion, Sacrifice Skill, Sacrifice Essence, Sacrifice Artifice,
Reject Sacrifices


You were on level 5 of the Dungeon.
You worshipped Ru.
Ru was noncommittal.
You visited 1 branch of the dungeon, and saw 5 of its levels.

You collected 80 gold pieces.

Inventory:

Hand Weapons
 a - a +1 shortbow
 b - a +2 broad axe of draining (weapon)
 j - a +0 short sword
 m - a +0 hand axe
 u - a +0 mace
 E - a +0 flail
 H - a +1 spectral club
Missiles
 d - 4 arrows
 h - 4 boomerangs (quivered)
 n - 18 bolts
 v - 19 sling bullets
 x - 82 stones
Armour
 c - a +0 leather armour (worn)
 s - a +0 ring mail
 t - a +0 scale mail
 B - a +0 buckler
 D - a +0 scale mail
Magical Staves
 y - a staff of fire
Jewellery
 f - a +6 ring of intelligence (left hand)
 k - a ring of flight
 F - a ring of fire (right hand)
Wands
 G - a wand of paralysis (8)
Scrolls
 e - 2 scrolls of magic mapping
 g - a scroll of acquirement {unknown}
 l - a scroll of teleportation {unknown}
 o - a scroll of immolation {unknown}
 p - a scroll of amnesia {unknown}
 r - a scroll of vulnerability {unknown}
 z - a scroll of silence {unknown}
 A - a scroll of noise {unknown}
 C - 3 scrolls of identify {unknown}
Potions
 i - 2 potions of invisibility {unknown}
 q - 2 potions of curing {unknown}
 w - a potion of degeneration {unknown}


   Skills:
 - Level 4.0 Fighting
 - Level 4.0(4.1) Axes
 + Level 1.1(3.0) Maces & Flails
 - Level 4.0 Bows
 + Level 3.1 Armour
 - Level 2.0 Dodging
 - Level 2.0 Stealth
 * Level 1.6 Spellcasting
 - Level 2.0 Conjurations
 - Level 1.0 Fire Magic
 + Level 0.2 Ice Magic


You had 9 spell levels left.
You didn't know any spells.
Your spell library contained the following spells:

 Spells                   Type           Power      Damage    Failure   Level
 Static Discharge         Conj/Air       5%         N/A       21%         2
 Passwall                 Tmut/Erth      0%         N/A       30%         2
 Conjure Flame            Conj/Fire      11%        6-21      32%         3
 Ignite Poison            Fire/Tmut/Pois 4%         N/A       47%         3
 Swiftness                Air            1%         N/A       52%         3
 Sticky Flame             Conj/Fire      11%        2d3       73%         4
 Dispel Undead            Necr           1%         3d6       90%         4
 Invisibility             Hex            0%         N/A       100%        6


Dungeon Overview and Level Annotations

Branches:
Dungeon (5/15)
 Temple: D:4-7

Altars:
Ru

Shops:
D:1 *[(?

Annotations:
D:5 2 transporters, practice's ghost, weakling GrCK


Innate Abilities, Weirdness & Mutations

You are immune to sickness and miasma.
Your stone body is resilient. (AC +4)
You are immune to poison.
You resist negative energy. (rN+)
You are resistant to electric shocks. (rElec)
You are resistant to unholy torment.
You are immune to petrification.


Message History

There is an open door here.
Things that are here:
a +0 ring mail; the goblin corpse of Ijyb You open the door.
There is an open door here.
Found a stone staircase leading up.
You open the door.
There is an open door here.
You see here a +0 short sword.
An orc warrior comes into view. It is wielding a +0 trident.
An orc comes into view.
It is wielding a +0 hand axe of flaming.
An orc comes into view. It is wielding a +0 whip.
An orc wizard comes into view. It is wielding a +0 dagger.
There is an open door here.
You barely miss the orc warrior.
The orc warrior hits you with a +0 trident!
You closely miss the orc warrior.
You hear a shout!
The orc warrior hits you with a +0 trident!
You hear a shout! x3
The orc hits you with a +0 hand axe of flaming.
The orc warrior hits you with a +0 trident.
There is an open door here.
The orc warrior hits you with a +0 trident.
You closely miss the orc. You hit the orc warrior.
The orc hits you but does no damage.
The orc warrior hits you with a +0 trident!
* * * LOW HITPOINT WARNING * * *
The orc completely misses you.
Unknown command.
Press: ? - help, v - describe, . - travel
Here: an orc warrior, wielding a +0 trident and wearing a +0 plate armour (lightly wounded)
The floor.
Aiming: Paralyse
Press: ? - help, Shift-Dir - straight line, f - orc warrior
Aim: an orc warrior, wielding a +0 trident and wearing a +0 plate armour (lightly wounded, chance to affect: 46%)
The orc warrior resists with some effort.
The orc warrior closely misses you.
The orc hits you with a +0 hand axe of flaming.
You die...

#...#.............
#...#.............
#.....#...#.............
#.....#...#.............
#####.....#...#.............
.......>..#...########......
..........#...#......#......
......o.o......#...#......'......
...............#@o.#......#......
.........o..o..##o#########......
#.......###'#..............#####
#....)..+...#..............#....
#.......#...#..............#....
#.[.....#...#..............'....
+#.......#..##..............#####
........##..################.....
........'......... #.....


You could see an orc warrior and an orc.

Vanquished Creatures
  Menkaure (D:5)
  A sky beast (D:5)
  A scorpion (D:4)
  A howler monkey (D:5)
  2 jellies (D:4)
  A hound (D:5)
  An orc priest (D:5)
  Ijyb (D:5)
  An iguana (D:5)
  5 adders
  3 adder skeletons
  2 dart slugs
  3 orcs
  6 endoplasms
  2 giant cockroaches
  4 goblins
  4 hobgoblins
  6 jackals
  4 kobolds
  5 quokkas
  5 ball pythons
  4 bats
  3 frilled lizards
  5 rats
71 creatures vanquished.

Notes
Turn   | Place    | Note
-------+----------+-------------------------------------------
     0 | D:1      | CraigForest the Gargoyle Hunter began the quest for the
                  | Orb.
     0 | D:1      | Reached XP level 1. HP: 12/12 MP: 1/1
    21 | D:1      | Found Tiahanay's Armour Emporium.
    29 | D:1      | Found Dushyul's Antique Weapon Emporium.
    63 | D:1      | Reached skill level 1 in Armour
    90 | D:1      | Reached XP level 2. HP: 17/17 MP: 2/2
   530 | D:1      | Found Mutocil's General Store.
   534 | D:1      | Found Zekisafe's Magic Scroll Shoppe.
   620 | D:1      | Reached skill level 1 in Conjurations
   650 | D:1      | Found a faded altar of an unknown god.
  1104 | D:1      | Became a worshipper of Ru the Awakened
  1160 | D:2      | Reached XP level 3. HP: 21/21 MP: 3/3
  1763 | D:2      | Reached skill level 1 in Fire Magic
  2639 | D:3      | Reached XP level 4. HP: 26/26 MP: 4/4
  3600 | D:4      | Reached skill level 1 in Axes
  3600 | D:4      | Reached XP level 5. HP: 23/31 MP: 4/6
  4031 | D:4      | Reached skill level 1 in Spellcasting
  4178 | D:4      | Reached XP level 6. HP: 37/37 MP: 7/7
  4512 | D:5      | Entered Level 5 of the Dungeon
  4643 | D:5      | Noticed practice's ghost (weakling GrCK)
  4644 | D:5      | Found a transporter.
  4691 | D:5      | Found a transporter.
  4697 | D:5      | Noticed Menkaure
  4715 | D:5      | Killed Menkaure
  4716 | D:5      | Reached XP level 7. HP: 19/43 MP: 8/8
  4986 | D:5      | Reached skill level 1 in Maces & Flails
  5034 | D:5      | Noticed Ijyb
  5039 | D:5      | Paralysed by Ijyb for 2 turns
  5048 | D:5      | Killed Ijyb
  5269 | D:5      | Slain by an orc

Illustrated notes

Levels and vault maps discovered:
D:1:      dpeg_arrival_tiny_i, layout_loops_cross, serial_shops,
          nicolae_shop_statue_plus, shop, shop_statue, nicolae_shop_trees,
          hellmonk_ecumenical_altar_leap_of_faith, st_stairs_1
D:2:      layout_loops_ring, kennysheep_minor_cross, minmay_hedge_maze,
          grunt_ministairs_8
D:3:      layout_basic, chequers_serial_rivers_micro_a
D:4:      layout_loops_corners, minmay_misc_feat_square
D:5:      layout_gridville, gammafunk_ghost_arena, uniq_menkaure, uniq_ijyb

Skill      XL: |  1  2  3  4  5  6  7 |
---------------+----------------------+-----
Armour         | 1 2 3 |  3.1
Conjurations   | 1 2 |  2.0
Fire Magic     | 1 |  1.0
Dodging        | 2 |  2.0
Axes           | 1 3 4 |  4.0
Spellcasting   | 1 |  1.6
Fighting       | 3 4 |  4.0
Stealth        | 2 |  2.0
Maces & Flails | 1 |  1.1
Bows           | |  4.0
Ice Magic      | |  0.2

Action                   |  1- 3 |  4- 6 |  7- 9 || total
-------------------------+-------+-------+-------++-------
Melee: Shortbow          |     7 |       |       ||     7
       Mace              |    26 |     8 |       ||    34
       Broad axe         |       |    77 |    30 ||   107
 Fire: Shortbow          |    89 |    15 |       ||   104
Throw: Boomerang         |     3 |       |       ||     3
Evoke: Wand              |       |       |     1 ||     1
  Use: Scroll            |       |     1 |       ||     1
Armor: Leather armour    |    27 |    37 |    13 ||    77
Dodge: Dodged            |    39 |    61 |    15 ||   115

Table legend: (Time is in decaauts)
 A = Elapsed time spent in this place.
 B = Non-inter-level travel time spent in this place.
 C = Inter-level travel time spent in this place.
 D = Time resting spent in this place.
 E = Time spent auto-exploring this place.
 F = Levels seen in this place.
 G = Mean time per level.
                   A        B        C        D        E       F      G
               +--------+--------+--------+--------+--------+-----+--------+
         Total |   5334 |   5214 |    120 |    600 |   3384 |   5 | 1066.8 |
       Dungeon |   5334 |   5214 |    120 |    600 |   3384 |   5 | 1066.8 |
               +--------+--------+--------+--------+--------+-----+--------+

Top non-repeatable levels by time:
     D:2: 1487 daAuts
     D:1: 1167 daAuts
     D:4: 1118 daAuts
     D:3: 783 daAuts
     D:5: 777 daAuts
